 Dungeon Sprint DCSS version 0.22-a0-396-g3f858e37d3 (webtiles) character file.

15538 Hephaistos the Brawler (level 12, -3/118 HPs)
             Began as a Troll Hunter on May 4, 2018.
             Was the Champion of Trog.
             Slain by a purple very ugly thing (11 damage)
             ... in the Dungeon (Sprint IX: "|||||||||||||||||||||||||||||").
             The game lasted 00:06:59 (2243 turns).

Hephaistos the Brawler (Troll Hunter)               Turns: 2243, Time: 00:06:59

Health: -3/118     AC: 14    Str: 27    XL:     12   Next: 2%
Magic:  12/12      EV: 11    Int:  7    God:    Trog [******]
Gold:   1914       SH:  0    Dex: 10    Spells: 11/11 levels left

rFire    + . .     SeeInvis .   k - +7 triple crossbow (flame)
rCold    . . .     Gourm    +   (shield currently unavailable)
rNeg     . . .     Faith    .   z - +1 fire dragon scales
rPois    +         Spirit   .   (helmet restricted)
rElec    .         Reflect  .   p - +0 cloak
rCorr    .         Harm     .   (gloves unavailable)
MR       .....     NoTele   +   (boots unavailable)
Stlth    ..........             y - amulet of the acrobat
HPRegen  0.69/turn              b - ring of ice
MPRegen  0.13/turn              x - ring of poison resistance

@: no status effects
A: large, unfitting armour, claws 3, fast metabolism 3, gourmand, regeneration
1, shaggy fur 1, tough skin 2
a: Berserk, Trog's Hand, Brothers in Arms, Renounce Religion


You were in the Dungeon.
You worshipped Trog.
Trog was exalted by your worship.
You were full.

You visited 1 branch You collected 1914 gold pieces.

Inventory:

Hand Weapons
 a - a +2 triple crossbow of velocity
 k - a +7 triple crossbow of flaming (weapon)
Missiles
 d - 264 bolts (quivered)
Armour
 c - a +0 robe
 l - a +2 robe of magic resistance
 p - a +0 cloak (worn)
 w - a +2 robe of the Archmagi
 z - +1 fire dragon scales (worn)
Jewellery
 b - a ring of ice (left claw)
 q - a +2 ring of protection
 r - a +2 ring of protection
 x - a ring of poison resistance (right claw)
 y - an amulet of the acrobat (around neck)
Wands
 o - a wand of acid (2)
Scrolls
 n - 8 scrolls of remove curse
 u - 3 scrolls of fear
 v - 3 scrolls of identify
 C - a scroll of blinking
Potions
 e - 6 potions of curing
 g - 4 potions of heal wounds
 h - a potion of haste
 i - 4 potions of magic
 j - a potion of berserk rage
 m - a potion of invisibility
 s - 2 potions of agility
 t - a potion of resistance
 A - 3 potions of might
 B - 2 potions of brilliance
Comestibles
 f - 13 rations


   Skills:
 + Level 7.4 Fighting
 * Level 14.5 Crossbows
 * Level 2.7 Armour
 + Level 8.8 Dodging
 - Level 0.3 Stealth
 + Level 17.4 Unarmed Combat
 - Level 1.9 Evocations


You had 11 spell levels left.
You didn't know any spells.

Dungeon Overview and Level Annotations

Branches:
Dungeon (1/1)

Altars:
Cheibriados
Dithmenos
Elyvilon
Fedhas
Gozag
Hepliaklqana
Kikubaaqudgha
Makhleb
Nemelex Xobeh
Okawaru
Qazlal
Ru
Sif Muna
Trog
Uskayaw
Vehumet
Wu Jian
Xom
Yredelemnul
Zin
The Shining One
Beogh
Jiyva
Lugonu

Shops:
D }([(


Innate Abilities, Weirdness & Mutations

You are too large for most types of armour.
You have claws for hands.
Your metabolism is lightning-fast.
You like to eat raw meat.
Your natural rate of healing is unusually fast.
You are covered in fur. (AC +1)
You have very tough skin. (AC +2)


Message History

* * * LOW HITPOINT WARNING * * *
Firing (i - inventory)
d - 266 bolts (quivered)
Press: ? - help, Shift-Dir - straight line, f/p - purple very ugly thing
Aim: a purple very ugly thing (severely wounded)
You shoot a bolt.
The bolt hits the purple very ugly thing!
The bolt burns the purple very ugly thing.
The purple very ugly thing is almost dead.
The purple very ugly thing tail-slaps you!!
* * * LOW HITPOINT WARNING * * *
Unknown command.
Firing (i - inventory)
d - 265 bolts (quivered)
Press: ? - help, Shift-Dir - straight line, f/p - purple very ugly thing
Aim: a purple very ugly thing (almost dead)
You shoot a bolt.
The bolt barely misses the purple very ugly thing.
The bolt hits the stone giant!
The bolt burns the stone giant.
The stone giant is moderately wounded.
The purple very ugly thing tail-slaps you!
You die...

▓.▓.▓.▓.▓.▓.▓.▓
▓.▓.▓'▓.▓.▓.▓(▓
▓(▓.▓.▓.▓)▓)▓.▓
▓.▓.▓.▓.▓∩▓.▓(▓
▓)▓.▓(▓.▓.▓.▓c▓
▓.▓.▓(▓.▓∩▓.▓D▓
▓.▓.▓.▓.▓.▓.▓C▓
▓[▓.▓.▓.▓∩▓.▓u▓
▓.▓.▓.▓.▓.▓.▓@▓
▓[▓.▓.▓.▓∩▓.▓.▓
▓)▓.▓.▓)▓)▓.▓.▓
▓|▓.▓.▓.▓.▓.▓.▓
▓?▓.▓÷▓.▓)▓.▓.▓
▓.▓.▓.▓.▓)▓.▓)▓
▓'▓.▓'▓.▓)▓.▓(▓
▓_▓.▓.▓.▓)▓.▓.▓
▓_▓.▓.▓.▓)▓.▓.▓


You could see a purple very ugly thing, an ice dragon, a stone giant (berserk)
and a yaktaur.

Vanquished Creatures
  A great orb of eyes (D)
  Erolcha (D)
  A hydra (D)
  A centaur warrior (D)
  Harold (D)
  A two-headed ogre (D)
  An unseen horror (D)
  An ugly thing (D)
  8 orc sorcerers (D)
  2 spiny frogs (D)
  3 rime drakes (D)
  A komodo dragon (D)
  3 blink frogs (D)
  A hippogriff (D)
  A yak (D)
  A wyvern (D)
  A basilisk (D)
  Grum (D)
  2 vampire mosquitoes (D)
  4 water moccasins (D)
  An acid dragon (D)
  6 orc warriors (D)
  A sky beast (D)
  2 wolves (D)
  A phantom (D)
  A centaur (D)
  4 crocodiles (D)
  5 bullfrogs (D)
  A killer bee (D)
  2 crimson imps (D)
  6 orc priests (D)
  2 hounds (D)
  11 orc wizards (D)
  An adder (D)
  A dart slug (D)
  3 orcs (D)
  A bat (D)
  A bat skeleton (D)
  2 giant cockroaches (D)
  A ball python (D)
  A frilled lizard (D)
  A giant cockroach zombie (D)
91 creatures vanquished.

Vanquished Creatures (collateral kills)
  A yaktaur captain (D)
  A rakshasa (D)
  A centaur warrior (D)
  A tengu warrior (D)
  A slime creature (D)
  A hippogriff (D)
  4 orc warriors (D)
  An orc priest (D)
  A bat skeleton (D)
12 creatures vanquished.

Grand Total: 103 creatures vanquished

Notes
Turn   | Place    | Note
-------+----------+-------------------------------------------
     0 | D        | Hephaistos the Troll Hunter began the quest for the Orb.
     0 | D        | Reached XP level 1. HP: 19/19 MP: 0/0
    10 | D        | Reached skill level 1 in Unarmed Combat
    33 | D        | Noticed a hound
    33 | D        | Noticed a crimson imp
    36 | D        | Reached XP level 2. HP: 28/28 MP: 1/1
    42 | D        | Reached skill level 2 in Unarmed Combat
    42 | D        | Reached XP level 3. HP: 21/35 MP: 2/2
    43 | D        | Reached skill level 5 in Crossbows
    43 | D        | Reached skill level 3 in Unarmed Combat
    43 | D        | Reached XP level 4. HP: 26/42 MP: 3/3
    53 | D        | Found a roughly hewn altar of Beogh.
    53 | D        | Found a snail-covered altar of Cheibriados.
    53 | D        | Found a shadowy altar of Dithmenos.
    53 | D        | Found a white marble altar of Elyvilon.
    53 | D        | Found a blossoming altar of Fedhas.
    53 | D        | Found an opulent altar of Gozag.
    54 | D        | Found a hazy altar of Hepliaklqana.
    55 | D        | Found a viscous altar of Jiyva.
    56 | D        | Found an ancient bone altar of Kikubaaqudgha.
    57 | D        | Found a corrupted altar of Lugonu.
    58 | D        | Found a burning altar of Makhleb.
    59 | D        | Found a sparkling altar of Nemelex Xobeh.
    60 | D        | Found an iron altar of Okawaru.
    61 | D        | Found a stormy altar of Qazlal.
    62 | D        | Found a sacrificial altar of Ru.
    63 | D        | Found a deep blue altar of Sif Muna.
    64 | D        | Found a bloodstained altar of Trog.
    65 | D        | Found a hide-covered altar of Uskayaw.
    66 | D        | Found a radiant altar of Vehumet.
    67 | D        | Found an ornate altar of the Wu Jian Council.
    68 | D        | Found a shimmering altar of Xom.
    69 | D        | Found a basalt altar of Yredelemnul.
    70 | D        | Found a glowing silver altar of Zin.
    71 | D        | Found a glowing golden altar of the Shining One.
    72 | D        | Became a worshipper of Trog the Wrathful
    89 | D        | Found the +8 glaive of the Guard {elec, +Rage AC+5 SInv}
   104 | D        | Noticed a phantom
   104 | D        | Noticed a bullfrog
   110 | D        | Reached skill level 4 in Unarmed Combat
   118 | D        | Killed an unseen horror
   118 | D        | Reached * piety under Trog
   118 | D        | Reached skill level 8 in Unarmed Combat
   118 | D        | Reached XP level 5. HP: 41/53 MP: 4/4
   118 | D        | Reached XP level 6. HP: 47/61 MP: 5/5
   118 | D        | Reached XP level 7. HP: 52/67 MP: 6/6
   122 | D        | Reached skill level 9 in Unarmed Combat
   123 | D        | Reached ** piety under Trog
   127 | D        | Reached skill level 5 in Dodging
   284 | D        | Noticed a centaur warrior
   284 | D        | Noticed a wyvern
   284 | D        | Noticed a purple ugly thing
   293 | D        | Killed a purple ugly thing
   293 | D        | Reached skill level 10 in Unarmed Combat
   293 | D        | Reached XP level 8. HP: 78/78 MP: 7/7
   303 | D        | Killed a centaur warrior
   303 | D        | Reached *** piety under Trog
   303 | D        | Reached skill level 10 in Crossbows
   303 | D        | Reached skill level 12 in Unarmed Combat
   303 | D        | Reached XP level 9. HP: 84/84 MP: 8/8
   460 | D        | Noticed a rime drake
   463 | D        | Reached **** piety under Trog
   465 | D        | Noticed a spiny frog
   466 | D        | Killed a rime drake
   466 | D        | Reached skill level 13 in Unarmed Combat
   470 | D        | Received a gift from Trog
   489 | D        | Killed a spiny frog
   489 | D        | Reached ***** piety under Trog
   489 | D        | Received a gift from Trog
   489 | D        | Reached skill level 14 in Unarmed Combat
   626 | D        | Noticed an eight-headed hydra
   626 | D        | Noticed a komodo dragon
   632 | D        | Received a gift from Trog
   634 | D        | Noticed a rime drake
   634 | D        | Killed a komodo dragon
   640 | D        | Noticed a rime drake
   650 | D        | Killed an 11-headed hydra
   650 | D        | Reached skill level 5 in Fighting
   650 | D        | Reached skill level 15 in Unarmed Combat
   650 | D        | Reached XP level 10. HP: 22/96 MP: 9/9
   653 | D        | Received a gift from Trog
   665 | D        | Reached skill level 16 in Unarmed Combat
   666 | D        | Received a gift from Trog
   827 | D        | Noticed a spiny frog
   831 | D        | Killed a spiny frog
   835 | D        | Received a gift from Trog
   838 | D        | Received a gift from Trog
   838 | D        | Reached skill level 1 in Evocations
   848 | D        | Reached skill level 17 in Unarmed Combat
   952 | D        | Noticed Grum
   962 | D        | Killed Grum
  1079 | D        | Received a gift from Trog
  1080 | D        | Received a gift from Trog
  1080 | D        | Reached ****** piety under Trog
  1082 | D        | Received a gift from Trog
  1087 | D        | Received a gift from Trog
  1301 | D        | Received a gift from Trog
  1303 | D        | Received a gift from Trog
  1330 | D        | Received a gift from Trog
  1330 | D        | Reached XP level 11. HP: 24/105 MP: 11/11
  1633 | D        | Found Haosaimy's Antique Weapon Boutique.
  1633 | D        | Noticed an orc sorcerer
  1633 | D        | Noticed an orc sorcerer
  1636 | D        | Paralysed by an orc sorcerer for 5 turns
  1638 | D        | Noticed an orc sorcerer
  1641 | D        | Noticed an orc sorcerer
  1641 | D        | Killed an orc sorcerer
  1642 | D        | Killed an orc sorcerer
  1642 | D        | Received a gift from Trog
  1652 | D        | Killed an orc sorcerer
  1657 | D        | Paralysed by an orc sorcerer for 2 turns
  1659 | D        | Noticed an orc sorcerer
  1659 | D        | Killed an orc sorcerer
  1660 | D        | Killed an orc sorcerer
  1660 | D        | Received a gift from Trog
  1666 | D        | Noticed an orc sorcerer
  1667 | D        | Noticed an orc sorcerer
  1669 | D        | Killed an orc sorcerer
  1669 | D        | Received a gift from Trog
  1670 | D        | Killed an orc sorcerer
  1670 | D        | Received a gift from Trog
  1674 | D        | Received a gift from Trog
  1705 | D        | Found Asuczy's Antique Armour Shop.
  1724 | D        | Found Wezoz's Weapon Boutique.
  1728 | D        | Found Amiutret's Gadget Shop.
  1734 | D        | Noticed an orc sorcerer
  1735 | D        | Killed an orc sorcerer
  1794 | D        | Noticed Erolcha
  1797 | D        | Killed Erolcha
  1920 | D        | Noticed Harold
  1928 | D        | Killed Harold
  1928 | D        | Received a gift from Trog
  2041 | D        | Noticed a tengu warrior
  2041 | D        | Noticed a two-headed ogre
  2045 | D        | Noticed a centaur warrior
  2046 | D        | Noticed a yaktaur captain
  2047 | D        | Killed a two-headed ogre
  2047 | D        | Reached skill level 1 in Armour
  2048 | D        | Noticed a rakshasa
  2054 | D        | Killed a tengu warrior
  2057 | D        | Received a gift from Trog
  2058 | D        | Killed a centaur warrior
  2059 | D        | Killed a yaktaur captain
  2063 | D        | Killed a rakshasa
  2188 | D        | Noticed a great orb of eyes
  2188 | D        | Paralysed by a great orb of eyes for 7 turns
  2207 | D        | Paralysed by a great orb of eyes for 4 turns
  2215 | D        | Killed a great orb of eyes
  2215 | D        | Received a gift from Trog
  2215 | D        | Reached XP level 12. HP: 67/118 MP: 12/12
  2234 | D        | Noticed a purple very ugly thing
  2236 | D        | Noticed an ice dragon
  2243 | D        | Slain by a purple very ugly thing

Vault maps used:
D:        linesprint

Skill      XL: |  1  2  3  4  5  6  7  8  9 10 11 |
---------------+----------------------------------+-----
Crossbows      | 3 4 5 8 9 10 11 14 | 14.5
Unarmed Combat | 1 2 3 8 10 12 15 17 | 17.4
Fighting       | 2 3 4 5 6 7 |  7.4
Dodging        | 2 4 5 6 7 8 |  8.8
Evocations     | 1 |  1.9
Armour         | 2 |  2.7
Stealth        | |  0.3

Action                   |  1- 3 |  4- 6 |  7- 9 | 10-12 || total
-------------------------+-------+-------+-------+-------++-------
Melee: Unarmed           |    18 |    17 |    71 |    22 ||   128
       Punch             |       |     1 |     3 |       ||     4
 Fire: Arbalest          |       |       |       |    34 ||    34
       Triple crossbow   |       |       |       |    92 ||    92
Invok: Berserk           |       |       |     3 |     1 ||     4
       Brothers in Arms  |       |       |     1 |     3 ||     4
       Trog's Hand       |       |       |     1 |       ||     1
Evoke: Wand              |       |       |     1 |     7 ||     8
  Use: Potion            |       |     1 |     2 |       ||     3
       Scroll            |       |       |     1 |     1 ||     2
  Eat: Chunk             |     6 |       |     8 |    14 ||    28
Armor: Robe              |     7 |     9 |    16 |    24 ||    56
       Fire dragon scale |       |       |       |    10 ||    10
Dodge: Dodged            |    10 |     7 |    35 |    45 ||    97

Table legend:
 A = Spawn XP
 B = Non-spawn XP
 C = Spawn XP percentage of total XP
 D = Spawn monster count
 E = Non-spawn monster count
 F = Spawn count percentage of total count
 G = Total turns spent on level
                    A         B        C        D         E        F      G
               +---------+---------+-------+---------+---------+-------+---------
         Total |       0 |   22198 |   0.0 |       0 |     103 |   0.0 |  2243
               +---------+---------+-------+---------+---------+-------+---------
             D |       0 |   22198 |   0.0 |       0 |     103 |   0.0 |  2243
               +---------+---------+-------+---------+---------+-------+---------
